 Dungeon Crawl Stone Soup version 0.27-a0-1144-g0b7d3b79db (webtiles) character file.

Game seed: 17701612821815424840

143 leviel the Shield-Bearer (level 5, -3/47 HPs)
             Began as a Minotaur Fighter on May 10, 2021.
             Slain by a gnoll
             ... wielding a +0 spear
              (7 damage)
             ... on level 4 of the Dungeon.
             The game lasted 00:02:00 (2292 turns).

leviel the Shield-Bearer (Minotaur Fighter)         Turns: 2292, Time: 00:02:01

Health: -3/47      AC:  7    Str: 22    XL:     5   Next: 4%
Magic:  4/4        EV:  8    Int:  5    God:
Gold:   131        SH:  9    Dex:  9    Spells: 4/4 levels left

rFire    . . .     SeeInvis .   a - +0 war axe
rCold    . . .     Faith    .   c - +0 kite shield
rNeg     . . .     Spirit   .   b - +0 scale mail
rPois    .         Reflect  .   (helmet restricted)
rElec    .         Harm     .   (no cloak)
rCorr    .         Rampage  .   (no gloves)
Will     .....                  (no boots)
Stlth    ..........             g - amulet of regeneration
HPRegen  1.15/turn              (no ring)
MPRegen  0.09/turn              (no ring)

@: lethally poisoned (-3 -> -5)
A: horns 2, retaliatory headbutt
a: no special abilities


You were on level 4 of the Dungeon.
You visited 1 branch of the dungeon, and saw 4 of its levels.

You collected 131 gold pieces.

Inventory:

Hand Weapons
 a - a +0 war axe (weapon)
Armour
 b - a +0 scale mail (worn)
 c - a +0 kite shield (worn)
Jewellery
 e - an amulet of reflection
 g - an amulet of regeneration (around neck)
Scrolls
 i - 3 scrolls of identify {unknown}
 j - 2 scrolls of immolation {unknown}
 m - a scroll of enchant armour {unknown}
 o - a scroll of fear {unknown}
 p - a scroll of acquirement {unknown}
 q - a scroll of amnesia {unknown}
 r - a scroll of noise {unknown}
Potions
 d - a potion of might
 f - a potion of heal wounds {unknown}
 h - a potion of lignification {unknown}
 k - 3 potions of flight {unknown}
 l - 2 potions of curing {unknown}
 n - a potion of degeneration {unknown}


   Skills:
 + Level 4.4 Fighting
 + Level 4.0 Axes
 + Level 4.1 Armour
 + Level 0.5 Dodging
 + Level 0.2 Stealth
 + Level 4.9 Shields


You had 4 spell levels left.
You didn't know any spells.
Your spell library contained the following spells:

 Spells                   Type           Power      Damage    Failure   Level
 Summon Small Mammal      Summ           0%         N/A       99%         1
 Call Imp                 Summ           0%         N/A       100%        2
 Call Canine Familiar     Summ           0%         N/A       100%        3
 Summon Guardian Golem    Hex/Summ       0%         N/A       100%        3
 Summon Ice Beast         Ice/Summ       0%         N/A       100%        4
 Summon Lightning Spire   Summ/Air       0%         N/A       100%        4


Dungeon Overview and Level Annotations

Branches:
Dungeon (4/15)
 Temple: D:4-7

Altars:


Innate Abilities, Weirdness & Mutations

You have a pair of horns on your head.
You reflexively headbutt those who attack you in melee.


Message History

You are too injured to fight recklessly!
You are too injured to fight recklessly!
You are too injured to fight recklessly!
You are too injured to fight recklessly!
You are too injured to fight recklessly!
You are too injured to fight recklessly!
You are too injured to fight recklessly!
You are too injured to fight recklessly!
There are monsters nearby!
Unknown command.
You slash the gnoll!
You kill the gnoll!
The gnoll hits you from afar with a +0 spear.
The gnoll closely misses you.
The gnoll hits you from afar with a +0 spear.
The orc priest hits you but does no damage.
You are poisoned.
Your Axes skill increases to level 4!
You have reached level 5!
You closely miss the orc priest. You headbutt the orc priest.
The orc priest is heavily wounded.
You feel very sick. The gnoll hits you but does no damage.
You block the gnoll's attack. The gnoll closely misses you.
You block the orc priest's attack. The gnoll hits you but does no damage.
You block the gnoll's attack. x2
You closely miss the orc priest.
The orc priest is heavily wounded.
You feel sick. The orc priest barely misses you. You block the gnoll's attack.
The gnoll hits you but does no damage. x2
The orc priest hits you with a +2 dagger of venom.
* * * LOW HITPOINT WARNING * * *
You are more poisoned.
You hit the orc priest.
The orc priest is heavily wounded.
You feel very sick. The gnoll hits you but does no damage.
The gnoll hits you from afar with a +1 vorpal spear.
* * * LOW HITPOINT WARNING * * *
x2 The gnoll hits you from afar with a +0 spear!
You die...

........................
..............#..#####..
....................#
....................+
.............#......#
........?...........#
....................#
....................#
..#...@#...........#
#.go.#....#........
......gg###+##....####
.......J# .....
#.......# .. #......#.
#...... . #...... .


You could see an orc priest, 3 gnolls and an endoplasm.

Vanquished Creatures
  An orc wizard (D:4)
  Robin (D:3)
  A gnoll (D:4)
  2 adders
  A dart slug (D:3)
  3 orcs (D:4)
  6 ball pythons
  5 bats
  5 endoplasms
  3 giant cockroaches
  15 goblins
  8 hobgoblins
  3 jackals (D:2)
  3 quokkas
  8 frilled lizards
  3 kobolds (D:1)
  2 rats
70 creatures vanquished.

Notes
Turn   | Place    | Note
-------+----------+-------------------------------------------
     0 | D:1      | leviel the Minotaur Fighter began the quest for the Orb.
     0 | D:1      | Reached XP level 1. HP: 19/19 MP: 0/0
   354 | D:1      | Found a faded altar of an unknown god.
   409 | D:1      | Reached XP level 2. HP: 24/27 MP: 1/1
   901 | D:2      | Reached XP level 3. HP: 32/33 MP: 2/2
  1552 | D:3      | Noticed Robin
  1572 | D:3      | Reached XP level 4. HP: 40/40 MP: 3/3
  1577 | D:3      | Killed Robin
  2290 | D:4      | Reached XP level 5. HP: 16/47 MP: 4/4
  2292 | D:4      | Slain by a gnoll

Illustrated notes

Levels and vault maps discovered:
D:1:      minmay_arrival_widening_spiral_wide, layout_basic,
          chequers_ecumenical_altar_simple
D:2:      layout_rooms, serial_park_tiny_pond, amcnicky_mini_pool_small,
          roderic_cross_of_infinity
D:3:      layout_loops_corners, uniq_robin
D:4:      layout_basic, hangedman_abyss_or_decor_slice, uniq_pikel

Skill      XL: |  1  2  3  4 |
---------------+-------------+-----
Shields        | 4 |  4.9
Fighting       | 4 |  4.4
Axes           | 3 4 |  4.0
Armour         | 4 |  4.1
Dodging        | |  0.5
Stealth        | |  0.2

Action                   |  1- 3 |  4- 6 || total
-------------------------+-------+-------++-------
Melee: War axe           |   105 |    43 ||   148
       Headbutt          |     8 |     9 ||    17
Armor: Scale mail        |    58 |    20 ||    78
Dodge: Dodged            |    35 |    20 ||    55
Block: Kite shield       |    56 |    26 ||    82

Table legend: (Time is in decaauts)
 A = Elapsed time spent in this place.
 B = Non-inter-level travel time spent in this place.
 C = Inter-level travel time spent in this place.
 D = Time resting spent in this place.
 E = Time spent auto-exploring this place.
 F = Levels seen in this place.
 G = Mean time per level.
                   A        B        C        D        E       F      G
               +--------+--------+--------+--------+--------+-----+--------+
         Total |   2373 |   2331 |     42 |      4 |   1944 |   4 |  593.2 |
       Dungeon |   2373 |   2331 |     42 |      4 |   1944 |   4 |  593.2 |
               +--------+--------+--------+--------+--------+-----+--------+

Top non-repeatable levels by time:
     D:3: 915 daAuts
     D:1: 863 daAuts
     D:2: 494 daAuts
     D:4: 99 daAuts
